 Dungeon Crawl Stone Soup version 0.30.1-3-gfc49f6343a (webtiles) character file.

Game seed: 10668502988500182802

635 Peloso the Covered (level 7, -1/61 HPs)
             Began as a Minotaur Fighter on July 26, 2023.
             Slain by a black bear (3 damage)
             ... on level 4 of the Dungeon.
             The game lasted 00:06:04 (2890 turns).

Peloso the Covered (Minotaur Fighter)               Turns: 2890, Time: 00:06:05

Health: -1/61      AC:  9    Str: 20    XL:     7   Next: 25%
Magic:  6/6        EV: 10    Int:  5    God:
Gold:   121        SH:  5    Dex: 12    Spells: 6/6 levels left

rFire   + . .        a - +0 long sword
rCold   . . .        d - +0 buckler
rNeg    . . .        b - +0 scale mail
rPois   .            (helmet restricted)
rElec   .            (no cloak)
rCorr   .            (no gloves)
SInv    .            r - +0 pair of boots {rampage}
Will    .....        (no amulet) Stlth
                     n - ring of protection from fire
HPRegen 0.30/turn    (no ring)
MPRegen 0.10/turn

%: rampage
@: no status effects
A: horns 2, retaliatory headbutt
a: no special abilities


You were on level 4 of the Dungeon.
You visited 1 branch of the dungeon, and saw 4 of its levels.

You collected 151 gold pieces.
You spent 30 gold pieces at shops.

Inventory:

Hand Weapons
 a - a +0 long sword (weapon)
Armour
 b - a +0 scale mail (worn)
 c - a +0 pair of boots
 d - a +0 buckler (worn)
 r - a +0 pair of boots of rampaging (worn)
Jewellery
 e - a ring of protection from fire
 j - an amulet of magic regeneration
 n - a ring of protection from fire (left hand)
Wands
 v - a wand of mindburst (10)
Scrolls
 g - a scroll of poison
 h - 3 scrolls of immolation
 l - 3 scrolls of teleportation
 q - a scroll of magic mapping
 s - a scroll of fog {unknown}
 t - a scroll of brand weapon {unknown}
 u - a scroll of blinking {unknown}
Potions
 f - a potion of brilliance
 m - 2 potions of haste
 o - 2 potions of might


   Skills:
 + Level 5.6 Fighting
 + Level 5.3 Long Blades
 + Level 6.5 Armour
 + Level 2.0 Dodging
 + Level 0.4 Stealth
 + Level 4.6 Shields


You had 6 spell levels left.
You didn't know any spells.
Your spell library contained the following spells:

 Spells                   Type           Power      Damage    Failure   Level
 Dazzling Flash           Conj/Hex       0%         N/A       99%         3
 Agony                    Necr           0%         N/A       100%        5
 Silence                  Hex/Air        0%         N/A       100%        5


Dungeon Overview and Level Annotations

Branches:
Dungeon (4/15)
 Temple: D:4-7

Altars:
Kikubaaqudgha

Shops:
D:1 !


Innate Abilities, Weirdness & Mutations

You have a pair of horns on your head.
You reflexively headbutt those who attack you in melee.


Message History

Unknown command.
You hit the black bear. You headbutt the black bear!
The black bear is heavily wounded.
You block the black bear's attack. The black bear barely misses you.
The black bear claws you but does no damage.
Unknown command.
You closely miss the black bear. Your headbutt misses the black bear.
The black bear is heavily wounded.
The black bear bites you but does no damage.
The black bear closely misses you. You block the black bear's attack.
Unknown command.
You hit the black bear but do no damage.
Your headbutt misses the black bear.
The black bear is heavily wounded.
The black bear closely misses you. You block the black bear's attack.
The black bear completely misses you.
Unknown command.
You hit the black bear.
The black bear is severely wounded.
The black bear bites you but does no damage.
The black bear claws you.
* * * LOW HITPOINT WARNING * * *
The black bear barely misses you.
Unknown command.
You hit the black bear.
The black bear is almost dead.
The black bear goes berserk!
The black bear bites you.
* * * LOW HITPOINT WARNING * * *
The black bear claws you but does no damage. x2
Unknown command.
You closely miss the black bear.
The black bear is almost dead.
The black bear barely misses you. x2; The black bear claws you.
* * * LOW HITPOINT WARNING * * *
Unknown command.
You hit the black bear.
The black bear is almost dead.
The black bear closely misses you. You furiously retaliate!
You headbutt the black bear. The black bear claws you.
You die...

##########.#
#.h@.......#
#.#######..#
.#########.#
.........#g#.
.!.......#.#. ##
...$.h?..#5#. .# #
.........#h#. #.# .#
#S..=.#l#. ..##..#
###.....#.###......#


You could see a black bear (berserk).

Vanquished Creatures
  Sigmund (D:2)
  Eustachio (D:4)
  A steam dragon (D:4)
  Jessica (D:2)
  An iguana (D:4)
  Ijyb (D:3)
  Robin (D:2)
  An adder (D:3)
  A shadow imp (D:4)
  2 worms
  4 dart slugs
  An orc (D:3)
  3 ball pythons
  8 endoplasms
  12 goblins
  10 hobgoblins
  3 jackals (D:1)
  2 kobolds
  2 quokkas
  4 bats
  3 frilled lizards
  5 rats
68 creatures vanquished.

Vanquished Creatures (others)
  A ball python (D:4)
1 creature vanquished.

Grand Total: 69 creatures vanquished

Notes
Turn   | Place    | Note
-------+----------+-------------------------------------------
     0 | D:1      | Peloso the Minotaur Fighter began the quest for the Orb.
     0 | D:1      | Reached XP level 1. HP: 19/19 MP: 0/0
   134 | D:1      | Reached XP level 2. HP: 27/27 MP: 1/1
   206 | D:1      | Found Vex Nauc's Distillery.
   278 | D:1      | Reached skill level 4 in Armour
   345 | D:1      | Found a faded altar of an unknown god.
   364 | D:1      | Reached XP level 3. HP: 23/33 MP: 2/2
   527 | D:1      | Bought a potion of curing for 30 gold pieces
   654 | D:2      | Noticed Sigmund
   665 | D:2      | Killed Sigmund
   666 | D:2      | Reached skill level 5 in Armour
   666 | D:2      | Reached skill level 1 in Dodging
   666 | D:2      | Reached XP level 4. HP: 10/41 MP: 3/3
   666 | D:2      | Reached XP level 5. HP: 12/47 MP: 4/4
   899 | D:2      | Noticed Robin
   941 | D:2      | Killed Robin
   942 | D:2      | Reached skill level 5 in Fighting
  1085 | D:2      | Noticed Jessica
  1094 | D:2      | Killed Jessica
  1396 | D:2      | Reached XP level 6. HP: 56/56 MP: 5/5
  1589 | D:3      | Found an ancient bone altar of Kikubaaqudgha.
  2204 | D:3      | Noticed Ijyb
  2221 | D:3      | Killed Ijyb
  2803 | D:4      | Noticed Eustachio
  2821 | D:4      | Killed Eustachio
  2822 | D:4      | Reached skill level 5 in Long Blades
  2822 | D:4      | Reached skill level 6 in Armour
  2824 | D:4      | Noticed a steam dragon
  2858 | D:4      | Killed a steam dragon
  2859 | D:4      | Reached XP level 7. HP: 18/61 MP: 6/6
  2889 | D:4      | HP: 1/61 [black bear (3)]
  2890 | D:4      | Slain by a black bear

Illustrated notes

Levels and vault maps discovered:
D:1:      onia_arrival_handbag, layout_rooms, basic_ecumenical_altar,
          serial_shops, shop, minmay_pentomino_t2
D:2:      layout_basic, uniq_jessica, uniq_robin, uniq_sigmund
D:3:      layout_basic, mainiacjoe_overflow_brackets, minmay_liquid_box,
          roderic_lattice_a, uniq_ijyb
D:4:      layout_basic, mainiacjoe_overflow_concentric_impassable,
          uniq_eustachio

Skill      XL: |  1  2  3  4  5  6 |
---------------+-------------------+-----
Shields        | 4 |  4.6
Fighting       | 4 5 |  5.6
Armour         | 4 5 6 |  6.5
Long Blades    | 3 4 5 |  5.3
Dodging        | 1 2 |  2.0
Stealth        | |  0.4

Action                     |  1- 3 |  4- 6 |  7- 9 || total
---------------------------+-------+-------+-------++-------
  Melee: Long sword        |    72 |   108 |    22 ||   202
         Headbutt          |    11 |    20 |     5 ||    36
    Use: Potion            |     4 |     2 |       ||     6
         Scroll            |       |     7 |       ||     7
 Armour: Scale mail        |    48 |    45 |    10 ||   103
  Dodge: Dodged            |    24 |    60 |    13 ||    97
  Block: Buckler           |    11 |    31 |     8 ||    50
